 Dungeon Crawl Stone Soup version 0.15.0-31-geb66e34 (console) character file.

25942 gw the Basher (level 12, 0/109 (115) HPs)
             Began as a Deep Dwarf Gladiator on Sept 14, 2014.
             Was a High Priest of Makhleb.
             Succumbed to a manticore's barbed spikes
             ... on Level 14 of the Dungeon.
             The game lasted 00:14:50 (12778 turns).

gw the Basher (Deep Dwarf Gladiator)               Turns: 12778, Time: 00:14:50

HP   0/109 (115) AC 20     Str 19      XL: 12   Next: 93%
MP  11/11        EV  6     Int 10      God: Makhleb [*****.]
Gold 0           SH  0     Dex 17      Spells:  0 memorised, 11 levels left

rFire  . . .     SeeInvis .     a - +1 morningstar
rCold  . . .     Clarity  .     w - +0 plate armour (curse)
rNeg   . . .     rCorr    .     (no shield)
rPois  +         rRot     .     c - +0 helmet
rElec  .         Spirit   .     k - +2 cloak {rPois}
SustAb .         Warding  .     v - +1 pair of gloves
rMut   +         Stasis   .     x - +1 pair of boots
Gourm  .                        p - amulet of resist mutation
MR     +....                    u - cursed ring of loudness
                                m - cursed -4 ring of protection

@: manticore barbs, non-regenerating, somewhat resistant to hostile
enchantments, extremely unstealthy
A: damage resistance, recharge devices, sense surroundings 2, slow healing 3
a: Device Recharging, Minor Destruction, Lesser Servant of Makhleb, Major
Destruction, Greater Servant of Makhleb, Renounce Religion


You were on level 14 of the Dungeon.
You worshipped Makhleb.
Makhleb was extremely pleased with you.
You were not hungry.

You visited 2 branches of the dungeon, and saw 15 of its levels.

Inventory:

Hand weapons
 a - a +1 morningstar (weapon)
Missiles
 d - 6 throwing nets
 o - 74 bolts
Armour
 c - a +0 helmet (worn)
 k - a +2 cloak of poison resistance (worn)
 v - a +1 pair of gloves (worn)
 w - a cursed +0 plate armour (worn)
 x - a +1 pair of boots (worn)
Magical devices
 e - a wand of heal wounds (1)
 q - a wand of paralysis (0) {unknown}
 t - a wand of confusion (14)
 y - a wand of disintegration (5)
Comestibles
 b - 10 beef jerkies
 f - 10 bread rations
 h - 6 fruits
 j - 2 slices of pizza
 n - 3 chunks of manticore flesh
 z - 2 meat rations
 A - a royal jelly
Scrolls
 g - 9 scrolls of identify
 l - 15 scrolls of remove curse
 r - 2 scrolls of fear
 C - a scroll of teleportation
Jewellery
 m - a cursed -4 ring of protection (left hand)
 p - an amulet of resist mutation (around neck)
 u - a cursed ring of loudness (right hand)
Potions
 i - a potion of beneficial mutation {unknown}
 s - 2 potions of curing
 B - a potion of restore abilities
 D - a potion of resistance
 E - a potion of lignification {unknown}


   Skills:
 + Level 9.4 Fighting
 * Level 14.0 Maces & Flails
 - Level 1.7 Throwing
 + Level 10.9 Armour
 - Level 3.2 Dodging
 + Level 12.0 Invocations


You had 11 spell levels left.
You didn't know any spells.

Dungeon Overview and Level Annotations

Branches:
Dungeon (14/15)            Temple (1/1) D:4             Orc (0/4) D:11
   Lair (0/8) D:10         Vaults (0/5) D:13

Altars:
Ashenzari
Cheibriados
Dithmenos
Elyvilon
Fedhas
Kikubaaqudgha
Makhleb
Nemelex Xobeh
Okawaru
Qazlal
Sif Muna
Trog
Vehumet
Xom
Yredelemnul
Zin
The Shining One

Shops:
D:7 *   D:13 ?*?[(

Annotations:
D:10 exclusion: downstairs


Innate Abilities, Weirdness & Mutations

You are resistant to damage.
You can recharge devices by infusing magical energy.
You passively map the area around you.
You do not heal naturally.


Message History

You swap places.
The barbed spikes dig painfully into your body as you move.
Unknown command.
Search for what [Enter for "glowing drain || sand-covered staircase || flagged portal || frozen archway || dark tunnel || magical portal", or ? for help]? glowing drain || sand-covered staircase || flagged portal || frozen archway || dark tunnel || magical portal Can't find anything matching that.
Search for what [Enter for "glowing drain || sand-covered staircase || flagged portal || frozen archway || dark tunnel || magical portal", or ? for help]? glowing drain || sand-covered staircase || flagged portal || frozen archway || dark tunnel || magical portal Can't find anything matching that.
Quiver which item? (- for none, * to show all) (? for menu, Esc to quit)
Reset throwing quiver to default.
Quiver which item? (- for none, * to show all) (? for menu, Esc to quit)
Reset throwing quiver to default.
The barbed spikes dig painfully into your body as you move.
The barbed spikes dig painfully into your body as you move.
Unknown command.
Search for what [Enter for "glowing drain || sand-covered staircase || flagged portal || frozen archway || dark tunnel || magical portal", or ? for help]? glowing drain || sand-covered staircase || flagged portal || frozen archway || dark tunnel || magical portal Can't find anything matching that.
Search for what [Enter for "glowing drain || sand-covered staircase || flagged portal || frozen archway || dark tunnel || magical portal", or ? for help]? glowing drain || sand-covered staircase || flagged portal || frozen archway || dark tunnel || magical portal Can't find anything matching that.
The barbed spikes dig painfully into your body as you move.
You die...

* ,, , #.# #...# ,, , #.#
#...# , , , #.# #...# #.#
#..># ,, , #.# #...## * * ,
, #.#####....# , ** .. ,, ,
#..........# *
...######+##1.........#
...........g...........# ,
#.......................# *
#.......................# *
#.......................#
##.......................#
,........%..).............#
*
.............$.......#####
....................# *
####................#


You could see a friendly Executioner.

Table legend:
 A = Turns spent in this place as a percentage of turns spent in the entire game.
 B = Non-inter-level travel turns spent in this place as a percentage of non-inter-level travel turns spent in the entire game.
 C = Inter-level travel turns spent in this place as a percentage of turns spent in this place.
 D = Turns resting spent in this place as a percentage of non-inter-level travel turns spent in this place.
 E = Turns spent auto-exploring this place as a percentage of non-inter-level travel turns spent in this place.
 F = Non-inter-level travel turns spent in this place divided by the number of levels of this place that you've seen.
                   A       B       C       D       E      F
               +-------+-------+-------+-------+-------+----------------------
         Total | 100.0 | 100.0 |   1.2 |   0.1 |   9.6 | 515.3
       Dungeon |  99.4 |  99.4 |   1.2 |   0.1 |   9.6 | 548.6
        Temple |   0.6 |   0.6 |   2.0 |   0.0 |  16.7 |  48.0
               +-------+-------+-------+-------+-------+----------------------

Table legend:
 A = Kills in this place as a percentage of kills in entire the game.
 B = Kills by you in this place as a percentage of kills by you in the entire game.
 C = Kills by friends in this place as a percentage of kills by friends in the entire game.
 D = Other kills in this place as a percentage of other kills in the entire game.
 E = Experience gained in this place as a percentage of experience gained in the entire game.
 F = Experience gained in this place divided by the number of levels of this place that you have seen.
                   A       B       C       D       E      F
               +-------+-------+-------+-------+-------+----------------------
         Total | 100.0 | 100.0 | 100.0 |  -nan | 100.0 | 2470.7
       Dungeon | 100.0 | 100.0 | 100.0 |  -nan | 100.0 | 2647.1
               +-------+-------+-------+-------+-------+----------------------

Vanquished Creatures
  A vault guard (D:13)
  The ghost of gw the Basher, an experienced DDGl of Makhleb (D:9)
  A skeletal warrior (D:11)
  Pikel (D:4)
  2 hill giants
  4 ugly things
  2 necromancers (D:13)
  A cyclops (D:13)
  Maurice (D:11)
  2 orange demons
  2 centaur zombies (D:12)
  A centaur skeleton (D:13)
  A gargoyle (D:13)
  4 two-headed ogres
  Prince Ribbit (D:5)
  4 trolls
  A trapdoor spider zombie (D:10)
  2 wraiths
  Eustachio (D:9)
  2 hippogriffs
  3 deep elf magi
  3 deep elf fighters (D:13)
  A hill giant zombie (D:13)
  A shadow (D:12)
  2 wyverns
  A hill giant skeleton (D:13)
  A vampire mosquito (D:13)
  2 hungry ghosts
  9 humans (D:13)
  3 yaks (D:10)
  Edmund (D:5)
  A water moccasin (D:13)
  A mottled dragon (D:11)
  A yellow wasp (D:11)
  A black bear (D:8)
  9 orc warriors
  4 slaves (D:4)
  A necrophage (D:6)
  3 sky beasts
  10 ogres
  5 phantoms
  7 centaurs
  Sigmund (D:5)
  Duvessa (D:7)
  A big kobold (D:10)
  2 crocodiles
  5 giant frogs
  3 scorpions
  8 killer bees
  2 electric eels (D:13)
  5 crimson imps
  A giant frog zombie (D:13)
  4 goliath beetles
  Dowan (D:7)
  4 gnoll shamans (D:8)
  8 hounds
  4 jellies
  13 orc wizards
  Crazy Yiuf (D:2)
  2 orc priests
  4 iguanas
  An elf skeleton (D:9)
  17 worker ants
  A sky beast zombie (D:5)
  Ijyb (D:5)
  Jessica (D:2)
  An ogre zombie (D:5)
  6 gnolls (D:8)
  12 adders
  4 giant mites
  3 worms
  3 shadow imps
  A white imp (D:9)
  An adder zombie (D:5)
  8 giant geckos
  An ooze (D:1)
  57 orcs
  2 ball pythons
  6 giant cockroaches
  15 goblins
  14 hobgoblins
  18 jackals
  27 kobolds
  3 quokkas
  15 bats
  2 giant newts
  A giant newt skeleton (D:4)
  A giant spore (D:6)
  A kobold zombie (D:8)
  An orc skeleton (D:5)
  8 orc zombies
  16 rats
  A ballistomycete (D:6)
424 creatures vanquished.

Vanquished Creatures (collateral kills)
  A vault guard (D:13)
  A centaur warrior (D:13)
  A skeletal warrior (D:11)
  2 hill giants
  A necromancer (D:13)
  4 ugly things
  A cyclops (D:12)
  A gargoyle (D:12)
  A manticore (D:14)
  A centaur zombie (D:10)
  A shadow (D:14)
  11 humans (D:13)
  A wraith (D:14)
  A hippogriff (D:8)
  8 yaks
  A deep elf fighter (D:13)
  A vampire mosquito (D:13)
  An ice beast (D:10)
  An orc warrior (D:12)
  2 centaurs
  2 giant frogs
  2 human zombies (D:13)
  2 orc wizards
  A worker ant (D:10)
  4 gnolls (D:8)
  3 orcs
56 creatures vanquished.

Vanquished Creatures (others)
  A blizzard demon (D:13)
  A hellwing (D:13)
  A ynoxinul (D:13)
  A crimson imp (D:10)
  A quasit (D:11)
  2 iron imps (D:11)
  A shadow imp (D:11)
  A white imp (D:11)
  An ufetubus (D:10)
  A fungus (D:8)
  2 plants (D:8)
13 creatures vanquished.

Grand Total: 493 creatures vanquished

Notes
Turn   | Place    | Note
--------------------------------------------------------------
     0 | D:1      | gw, the Deep Dwarf Gladiator, began the quest for the Orb.
     0 | D:1      | Reached XP level 1. HP: 19/19 MP: 1/1
   106 | D:1      | Reached skill level 1 in Armour
   109 | D:1      | Reached XP level 2. HP: 23/26 MP: 2/2
   732 | D:1      | Reached XP level 3. HP: 27/32 MP: 3/3
  1223 | D:2      | Found a glowing golden altar of the Shining One.
  1224 | D:2      | Noticed an angel
  1315 | D:2      | Noticed Jessica
  1322 | D:2      | Killed Jessica
  1443 | D:2      | Found a basalt altar of Yredelemnul.
  1447 | D:2      | Noticed a profane servitor
  1691 | D:2      | Noticed Crazy Yiuf
  1703 | D:2      | HP: 1/33 [Crazy Yiuf/quarterstaff of chaos (3)]
  1709 | D:2      | Killed Crazy Yiuf
  1709 | D:2      | Reached skill level 4 in Maces & Flails
  1709 | D:2      | Reached XP level 4. HP: 36/40 MP: 1/4
  1995 | D:3      | Reached XP level 5. HP: 27/46 MP: 5/5
  2263 | D:3      | HP: 2/48 [goliath beetle (23)]
  2311 | D:3      | Found a blossoming altar of Fedhas.
  2311 | D:3      | Found an ancient bone altar of Kikubaaqudgha.
  2416 | D:3      | Reached skill level 5 in Maces & Flails
  2564 | D:3      | Found a bloodstained altar of Trog.
  2566 | D:3      | Found a shattered altar of Ashenzari.
  2569 | D:3      | Found a stormy altar of Qazlal.
  2573 | D:3      | Found a snail-covered altar of Cheibriados.
  2751 | D:4      | Found a staircase to the Ecumenical Temple.
  2757 | Temple   | Entered the Ecumenical Temple
  2805 | Temple   | Became a worshipper of Makhleb the Destroyer
  3021 | D:4      | Reached XP level 6. HP: 35/56 MP: 4/4
  3042 | D:4      | Noticed an ogre
  3050 | D:4      | Killed an ogre
  3050 | D:4      | Reached skill level 1 in Invocations
  3103 | D:4      | Noticed a phantom
  3154 | D:4      | Killed a phantom
  3168 | D:4      | Noticed a slave
  3169 | D:4      | Noticed a slave
  3173 | D:4      | Noticed Pikel
  3190 | D:4      | Killed a slave
  3192 | D:4      | Noticed a slave
  3202 | D:4      | Killed a slave
  3206 | D:4      | Noticed a slave
  3477 | D:4      | Killed a slave
  3480 | D:4      | Killed a slave
  3525 | D:4      | Killed Pikel
  3525 | D:4      | Reached skill level 6 in Maces & Flails
  3525 | D:4      | Reached XP level 7. HP: 31/64 MP: 5/9
  3556 | D:5      | Entered Level 5 of the Dungeon
  3564 | D:5      | Noticed Sigmund
  3569 | D:5      | Noticed Prince Ribbit
  3579 | D:5      | Acquired Makhleb's first power
  3639 | D:5      | Reached XP level 8. HP: 38/72 MP: 9/9
  3755 | D:5      | Killed Sigmund
  3787 | D:5      | Noticed Edmund
  3805 | D:5      | Killed Edmund
  3805 | D:5      | Reached skill level 7 in Maces & Flails
  3856 | D:5      | Noticed Ijyb
  3865 | D:5      | Killed Ijyb
  4436 | D:5      | Reached skill level 5 in Armour
  4595 | D:5      | Killed Prince Ribbit
  4595 | D:5      | Reached skill level 5 in Invocations
  4742 | D:5      | Reached skill level 5 in Fighting
  5058 | D:6      | Reached skill level 8 in Maces & Flails
  5259 | D:6      | Gained mutation: You passively map the area around you. [level up]
  5259 | D:6      | Reached XP level 9. HP: 43/81 MP: 13/13
  5347 | D:6      | Acquired Makhleb's second power
  5717 | D:6      | Noticed a two-headed ogre
  5723 | D:6      | Killed a two-headed ogre
  6105 | D:7      | Noticed Duvessa
  6105 | D:7      | Noticed Dowan
  6113 | D:7      | Killed Dowan
  6124 | D:7      | Killed Duvessa
  6124 | D:7      | Reached skill level 9 in Maces & Flails
  6211 | D:7      | Found Cuofir's General Store.
  6753 | D:8      | Acquired Makhleb's third power
  6917 | D:8      | Reached XP level 10. HP: 49/85 MP: 13/13
  7005 | D:8      | Acquired Makhleb's fourth power
  7024 | D:8      | Reached skill level 10 in Maces & Flails
  7405 | D:8      | Found a shadowy altar of Dithmenos.
  7705 | D:9      | Noticed Eustachio
  7726 | D:9      | Killed Eustachio
  7854 | D:9      | Acquired Makhleb's fifth power
  7856 | D:9      | Noticed gw's ghost (experienced DDGl)
  7880 | D:9      | Killed gw's ghost
  8172 | D:9      | Reached skill level 11 in Maces & Flails
  8485 | D:10     | Entered Level 10 of the Dungeon
  8520 | D:10     | Noticed a hill giant
  8541 | D:10     | Killed a hill giant
  8702 | D:10     | Reached XP level 11. HP: 73/94 MP: 14/14
  8861 | D:10     | Found a staircase to the Lair.
  9280 | D:10     | Noticed a hill giant
  9287 | D:10     | Killed a hill giant
  9507 | D:11     | Noticed a skeletal warrior
  9507 | D:11     | Noticed a skeletal warrior
  9507 | D:11     | Noticed a skeletal warrior
  9522 | D:11     | Found a staircase to the Orcish Mines.
  9588 | D:11     | Noticed a hill giant
  9596 | D:11     | HP: 3/94 [hill giant/giant spiked club (36)]
  9604 | D:11     | Killed a hill giant
  9925 | D:11     | Killed a skeletal warrior
  9925 | D:11     | Reached skill level 10 in Invocations
 10005 | D:11     | Reached skill level 12 in Maces & Flails
 10030 | D:11     | Paralysed by a yellow wasp for 2 turns
 10037 | D:11     | Paralysed by a yellow wasp for 2 turns
 10094 | D:11     | Noticed Maurice
 10142 | D:11     | Paralysed by something for 5 turns
 10182 | D:11     | Killed Maurice
 10522 | D:11     | Killed a skeletal warrior
 10950 | D:12     | Reached XP level 12. HP: 73/106 MP: 13/13
 11530 | D:13     | Reached skill level 10 in Armour
 11535 | D:13     | Found Tiogeag's Magic Scroll Boutique.
 11573 | D:13     | Found Khocrehu's Antique Armour Shoppe.
 11614 | D:13     | Noticed a centaur warrior
 11624 | D:13     | Killed a centaur warrior
 11624 | D:13     | Reached skill level 13 in Maces & Flails
 11773 | D:13     | Found Buutt's Magic Scroll Boutique.
 11925 | D:13     | Found Moschocsu's Antique Weapon Shoppe.
 11969 | D:13     | Found Erim's Assorted Antiques.
 12259 | D:13     | Noticed a vault guard
 12287 | D:13     | Killed a vault guard
 12342 | D:13     | Noticed a vault guard
 12369 | D:13     | Killed a vault guard
 12431 | D:13     | Found a gate to the Vaults.
 12741 | D:14     | Reached skill level 14 in Maces & Flails
 12777 | D:14     | HP: 4/109 [barbs]
 12778 | D:14     | Succumbed to a manticore's barbed spikes

Action                   |  1- 3 |  4- 6 |  7- 9 | 10-12 || total
-------------------------+-------+-------+-------+-------++-------
Melee: Flail             |   143 |    38 |       |       ||   181
       Morningstar       |       |   207 |   448 |   928 ||  1583
Invok: Minor Destruction |       |       |    60 |   246 ||   306
       Lesser Servant of |       |       |       |    13 ||    13
       Greater Servant o |       |       |       |     6 ||     6
       Major Destruction |       |       |       |     2 ||     2
 Abil: Device Recharging |       |     3 |     5 |     8 ||    16
Evoke: Wand              |     2 |    12 |    21 |    55 ||    90
  Use: Scroll            |    11 |     4 |     7 |     8 ||    30
       Potion            |     3 |     3 |     6 |     2 ||    14
 Stab: Distracted        |       |       |       |     6 ||     6
  Eat: Chunk             |     3 |     6 |    16 |    30 ||    55
       Beef jerky        |       |       |       |     1 ||     1

Vault maps used:
D:1:      arrival_zaba_pyramid, glass_columns_b
D:2:      grunt_temple_overflow_holy_war, first_bread, uniq_jessica,
          uniq_crazy_yiuf_cottage
D:3:      grunt_temple_overflow_growth_and_decay, minitemple
D:4:      minmay_temple_entry_trees, uniq_pikel
D:5:      gup_sewer_entry_bowl, uniq_prince_ribbit1, uniq_edmund, uniq_iyjb,
          uniq_sigmund
D:6:      kennysheep_generic_room_16
D:7:      serial_shops, shop, grunt_ogre_cave, uniq_duvessa
D:8:      kennysheep_seaside_town, kennysheep_little_box
D:9:      evilmike_surprise_oklob, uniq_eustachio
D:10:     lair_0_dummy, grunt_ministairs_12, kennysheep_generic_room_13
D:11:     uniq_maurice
D:13:     grunt_vaults_entry_tiered, serial_shops, shop,
          nicolae_shop_overgrown_old_shop, shop, shop, nicolae_shop_statue_plus,
          serial_bayou_lagoon_a
D:14:     portal_ice_cave_entry_horrid_things, roderic_lattice_octagonal_star,
          serial_shops, nicolae_shop_stone, serial_undead, serial_undead_b,
          serial_undead_c, serial_undead_a, serial_undead_c
Temple:   circular_temple_pool_8
